 Dungeon Crawl Stone Soup version 0.25-a0-294-gea9b1ad378 (webtiles) character file.

Game seed: 6354494152786081303, levelgen mode: deterministic

811 Barrydekale the Insei (level 7, -4/56 HPs)
             Began as a Demonspawn Transmuter on Dec 16, 2019.
             Was an Initiate of Makhleb.
             Slain by a sky beast (6 damage)
             ... on level 4 of the Dungeon.
             The game lasted 00:25:21 (9035 turns).

Barrydekale the Insei (Demonspawn Transmuter)       Turns: 9035, Time: 00:25:22

Health: -4/56      AC:  5    Str: 11    XL:     7   Next: 61%
Magic:  9/10       EV: 12    Int: 16    God:    Makhleb [......]
Gold:   220        SH:  0    Dex: 13    Spells: 7/10 levels left

rFire    . . .     SeeInvis .     - Unarmed
rCold    + + .     Gourm    .   (no shield)
rNeg     . . .     Faith    .   w - +2 robe {rC+}
rPois    .         Spirit   .   s - +0 helmet
rElec    .         Reflect  .   (no cloak)
rCorr    .         Harm     .   (no gloves)
MR       .....                  (boots currently unavailable)
Stlth    +.........             (no amulet)
HPRegen  0.18/turn              (no ring)
MPRegen  0.12/turn              (no ring)

@: appendage, very slightly contaminated, invisible
A: claws 1, talons 3, cold resistance 1, powered by pain 1
a: End Transformation, Renounce Religion


You were on level 4 of the Dungeon.
You worshipped Makhleb.
Makhleb was noncommittal.
You were very hungry.
You had grown temporary talons.
You visited 2 branches of the dungeon, and saw 6 of its levels.

You collected 220 gold pieces.

Inventory:

Missiles
 a - 43 arrows
 e - 95 stones
 v - 3 boomerangs (quivered)
Armour
 s - a +0 helmet (worn)
 w - a +2 robe of cold resistance (worn)
Jewellery
 k - a +3 ring of protection
Wands
 f - a wand of paralysis (4)
Scrolls
 c - a scroll of noise {unknown}
 g - 4 scrolls of teleportation
 i - a scroll of magic mapping {unknown}
 l - a scroll of random uselessness {unknown}
 r - a scroll of remove curse
 t - a scroll of blinking
 u - a scroll of immolation {unknown}
Potions
 h - a potion of cancellation
 j - a potion of lignification
 n - a potion of flight
 o - a potion of curing {unknown}
 p - a potion of berserk rage {unknown}
 q - a potion of haste
Comestibles
 d - 8 rations


   Skills:
 - Level 5.0 Fighting
 - Level 1.7 Dodging
 - Level 5.0 Unarmed Combat
 - Level 2.0 Spellcasting
 + Level 5.0 Transmutations


You had 7 spell levels left.
You knew the following spells:

 Your Spells              Type           Power        Failure   Level  Hunger
a - Beastly Appendage     Tmut           ###...       2%          1    #......
b - Sticks to Snakes      Tmut           ###.....     4%          2    ###....

Your spell library contained the following spells:

 Spells                   Type           Power        Failure   Level  Hunger
 Spider Form              Tmut/Pois      #.........   22%         3    ###....
 Ice Form                 Ice/Tmut       #.......     58%         4    #####..
 Blade Hands              Tmut           ###.......   58%         5    ######.


Dungeon Overview and Level Annotations

Branches:
Dungeon (5/15)             Temple (1/1) D:5

Altars:
Ashenzari
Dithmenos
Elyvilon
Fedhas
Gozag
Makhleb
Qazlal
Ru
Sif Muna
Trog
Uskayaw
Vehumet
Wu Jian
Xom
Zin
The Shining One

Shops:
D:5 =(

Annotations:
D:4 Dowan, Duvessa


Innate Abilities, Weirdness & Mutations

You have sharp fingernails.
Your flesh is cold resistant. (rC+)
You sometimes gain a little power by taking damage.
You have claws for feet.


Message History

* * * LOW HITPOINT WARNING * * *
You climb upwards.
Level annotation: Dowan, Duvessa You are feeling very hungry.
There is a stone staircase leading down here.
You fade into invisibility!
The sky beast completely misses you.
You are very lightly contaminated with residual magic.
Casting: Beastly Appendage (safe; 2% risk of failure)
Confirm with . or Enter, or press ? or * to list all spells.
Your feet morph into talons.
The sky beast misses you.
You miss the sky beast.
The sky beast is heavily wounded.
The sky beast closely misses you.
You closely miss the sky beast. Your kick misses the sky beast.
The sky beast is heavily wounded.
The sky beast hits you.
* * * LOW HITPOINT WARNING * * *
The sky beast shocks you.
You die...

..#...........#####.....#########
..##...###....##..###'#..........
..##...#########......'..........
......................#..........
.............^##..#####..........
..##...######'##..#........######
#'##...###....##..#........#[..#.
..##...........)..#........#...+.
..#[...........Y@.#........#...#.
..'...............#........#...#.
..#...........#####..<.....#.###.
..#...........#.....########.###.
..##...####'###.....#........#...
..##...##...........'........'...
........#...........##...##..##..
........'......###'###...##..##..
..##....#......#.........#....#..


You could see a sky beast.

Vanquished Creatures
  A phantom (D:5)
  An ogre (D:5)
  2 scorpions (D:4)
  A centaur skeleton (D:4)
  A hound (D:4)
  An orc priest (D:4)
  Ijyb (D:3)
  An iguana (D:4)
  2 orc wizards (D:4)
  3 worker ants
  Robin (D:3)
  7 adders
  3 worms
  2 dart slugs
  3 leopard geckos
  14 orcs
  7 giant cockroaches
  21 goblins
  6 hobgoblins
  6 jackals (D:3)
  5 quokkas
  7 bats
  10 frilled lizards
  6 kobolds
  11 rats
123 creatures vanquished.

Vanquished Creatures (collateral kills)
  Blork the orc (D:4)
  Terence (D:3)
  3 adders
  2 orcs (D:4)
  A bat (D:2)
  A frilled lizard (D:4)
9 creatures vanquished.

Vanquished Creatures (others)
  A quokka (D:2)
1 creature vanquished.

Grand Total: 133 creatures vanquished

Notes
Turn   | Place    | Note
-------+----------+-------------------------------------------
     0 | D:1      | Barrydekale the Demonspawn Transmuter began the quest for
                  | the Orb.
     0 | D:1      | Reached XP level 1. HP: 15/15 MP: 3/3
   318 | D:1      | Gained mutation: You have sharp fingernails. [demonic
                  | ancestry]
   318 | D:1      | Reached XP level 2. HP: 17/21 MP: 5/5
  1145 | D:2      | Learned a level 2 spell: Sticks to Snakes
  1165 | D:2      | Found an ornate altar of the Wu Jian Council.
  1349 | D:2      | Reached XP level 3. HP: 14/26 MP: 4/6
  2153 | D:2      | Found a stormy altar of Qazlal.
  2764 | D:2      | Gained mutation: You sometimes gain a little power by
                  | taking damage. [demonic ancestry]
  2764 | D:2      | Reached XP level 4. HP: 23/32 MP: 7/7
  2788 | D:2      | Found a white marble altar of Elyvilon.
  3807 | D:3      | Noticed Terence
  3978 | D:3      | Killed Terence
  4173 | D:3      | Noticed Ijyb
  4184 | D:3      | Paralysed by Ijyb for 4 turns
  4195 | D:3      | Killed Ijyb
  4195 | D:3      | Gained mutation: Your flesh is cold resistant. (rC+)
                  | [demonic ancestry]
  4195 | D:3      | Reached XP level 5. HP: 21/38 MP: 4/8
  4334 | D:3      | Found a shimmering altar of Xom.
  4470 | D:3      | Noticed Robin
  4639 | D:3      | Killed Robin
  5547 | D:4      | Reached XP level 6. HP: 47/47 MP: 7/9
  5585 | D:4      | Found a burning altar of Makhleb.
  5602 | D:4      | Found a hide-covered altar of Uskayaw.
  6127 | D:4      | Noticed Blork the orc
  6137 | D:4      | Killed Blork the orc
  6756 | D:4      | Noticed Duvessa
  6756 | D:4      | Noticed Dowan
  7147 | D:4      | Reached XP level 7. HP: 39/55 MP: 5/10
  7511 | D:4      | Reached skill level 5 in Unarmed Combat
  7933 | D:5      | Entered Level 5 of the Dungeon
  8054 | D:5      | Found a staircase to the Ecumenical Temple.
  8062 | Temple   | Entered the Ecumenical Temple
  8310 | D:4      | Became a worshipper of Makhleb the Destroyer
  8357 | D:5      | Found Cueskewk's Jewellery Emporium.
  8404 | D:5      | Found Ycoral's Antique Weapon Shop.
  8757 | D:5      | Reached skill level 5 in Fighting
  8776 | D:5      | Reached skill level 5 in Transmutations
  8951 | D:5      | Found a sacrificial altar of Ru.
  9035 | D:4      | HP: 2/56 [sky beast (4)]
  9035 | D:4      | Slain by a sky beast

Levels and vault maps discovered:
D:1:      dpeg_arrival_stonehenge_8_columns, layout_basic
D:2:      layout_basic, lemuel_coloured_pillars_altar, lemuel_round_altar,
          elyvilon_altar_4
D:3:      layout_basic, lemuel_round_altar, kennysheep_generic_room_4,
          uniq_robin, uniq_terence, uniq_ijyb
D:4:      layout_gridville, lemuel_crystal_altar, bloody_makhleb, first_ration,
          uniq_blork_the_orc, uniq_duvessa
D:5:      layout_basic, hangedman_ru_absence, kiku_gazebo_garden_becter,
          cheibrodos_worm_habitat, minmay_temple_entry_grid, serial_shops, shop,
          shop_statue, nicolae_shop_behind_doors, shop
Temple:   jpeg_temple_island

Skill      XL: |  1  2  3  4  5  6  7 |
---------------+----------------------+-----
Transmutations | 2 3 4 5 |  5.0
Unarmed Combat | 3 4 5 |  5.0
Fighting       | 2 3 4 5 |  5.0
Dodging        | |  1.7
Spellcasting   | |  2.0

Action                   |  1- 3 |  4- 6 |  7- 9 || total
-------------------------+-------+-------+-------++-------
Melee: Unarmed           |   154 |   237 |    83 ||   474
       Headbutt          |    10 |     7 |       ||    17
       Kick              |     3 |    34 |    18 ||    55
       Punch             |       |     3 |     2 ||     5
Throw: Stone             |    41 |    62 |       ||   103
       Boomerang         |       |     4 |       ||     4
 Cast: Beastly Appendage |    26 |    43 |    12 ||    81
       Sticks to Snakes  |     2 |    26 |     2 ||    30
  Use: Scroll            |       |       |     8 ||     8
       Potion            |       |       |     1 ||     1
  Eat: Chunk             |     5 |    16 |     1 ||    22
       Ration            |       |     1 |     1 ||     2
Armor: Robe              |    32 |    39 |    18 ||    89
Dodge: Dodged            |   105 |   111 |    38 ||   254

Table legend:
 A = Non-vault XP
 B = Vault XP
 C = Vault XP percentage of total XP
 D = Non-vault monster count
 E = Vault monster count
 F = Vault count percentage of total count
                 A         B        C        D         E       F
            +---------+---------+-------+---------+---------+-------
      Total |     977 |     182 |  15.7 |     117 |      15 |  11.4
            +---------+---------+-------+---------+---------+-------
        D:1 |      35 |       0 |   0.0 |      22 |       0 |   0.0
        D:2 |      89 |       0 |   0.0 |      29 |       0 |   0.0
        D:3 |      93 |      89 |  48.9 |      31 |      14 |  31.1
        D:4 |     486 |      93 |  16.1 |      25 |       1 |   3.8
        D:5 |     274 |       0 |   0.0 |      10 |       0 |   0.0
            +---------+---------+-------+---------+---------+-------
